cohdb
Replays
Latest Replays
All Replays
Popular Replays
Top Player Replays
Match Explorer
How It Works
Community
CoH3 Stats
Reddit
Sign in to upload your games and track your stats! →
Sign in with Steam
Match 46504094
Unlisted
Match 46504094
Overview
Messages
Build Orders
End
Construct Section Command Post
Vickers Machine Gun Team
Dingo Light Scout Car
Infantry Section
Infantry Section
ML 3-inch Mortar Team
Construct Platoon Command Post
Unlock Bishop Self-propelled Artillery
6-pounder Anti-tank Gun Team
Bishop Self-propelled Artillery
Selects Heavy Armor Battlegroup
Selects Rigorous Vehicle Training
Selects Light Vehicle Withdraw and Refit
Selects UNKNOWN (202330)
6-pounder Anti-tank Gun Team
Infantry Section
Phan
kamacura
Dr. Jekyll
PutPut-AusarTheVile
0
0
Comments
sign in to comment!
No comments posted yet!